 Dungeon Crawl Stone Soup version 0.24-a0-284-g9fb9971 (webtiles) character file.

Game seed: 11223059413390109302

10222 mhoghedin the Slicer (level 11, 0/87 HPs)
             Began as a Vampire Gladiator on May 3, 2019.
             Was a Priest of Makhleb.
             Slain by a blink frog (18 damage)
             ... on level 1 of the Lair of Beasts on May 4, 2019.
             The game lasted 00:28:54 (16239 turns).

mhoghedin the Slicer (Vampire Gladiator)           Turns: 16239, Time: 00:28:54

Health: 0/87       AC:  5    Str: 16    XL:     11   Next: 33%
Magic:  13/13      EV: 16    Int: 15    God:    Makhleb [***...]
Gold:   420        SH:  5    Dex: 16    Spells: 8/10 levels left

rFire    + . .     SeeInvis +   a - +3 short sword (elec)
rCold    + . .     Gourm    .   p - +0 buckler
rNeg     + + .     Faith    +   r - +1 robe {MR+}
rPois    +         Spirit   .   c - +0 helmet
rElec    .         Reflect  .   (no cloak)
rCorr    .         Harm     .   k - +0 pair of gloves
MR       ++...                  (no boots)
Stlth    ++++++....             F - amulet of faith {Faith, !P}
HPRegen  0.12/turn              u - ring of protection from fire {rF+, !d}
MPRegen  0.13/turn              w - +4 ring of intelligence

@: regenerating slowly
A: fangs 3, see invisible, unbreathing
a: Bat Form, Minor Destruction, Lesser Servant of Makhleb, Renounce Religion


You were on level 1 of the Lair of Beasts.
You worshipped Makhleb.
Makhleb was most pleased with you.
You were very thirsty.

You visited 2 branches of the dungeon, and saw 12 of its levels.

You collected 420 gold pieces.

Inventory:

Hand Weapons
 a - a +3 short sword of electrocution (weapon)
   (You found it on level 2 of the Dungeon)
 b - a +4 long sword of electrocution
   (You took it off a wight on level 6 of the Dungeon)
Missiles
 d - 3 throwing nets {=f, !d}
Armour
 c - a +0 helmet (worn)
 k - a +0 pair of gloves (worn)
   (You found it on level 8 of the Dungeon)
 p - a +0 buckler (worn)
   (You found it on level 2 of the Dungeon)
 r - a +1 robe of magic resistance (worn)
   (You took it off an orc wizard on level 4 of the Dungeon)
Jewellery
 e - an uncursed amulet of magic regeneration
   (You found it on level 7 of the Dungeon)
 u - a ring of protection from fire (left hand) {rF+, !d}
   (You found it on level 4 of the Dungeon)
 w - a +4 ring of intelligence (right hand)
   (You found it on level 10 of the Dungeon)
 F - an amulet of faith (around neck) {Faith, !P}
   (You found it on level 1 of the Lair of Beasts)
Wands
 g - a wand of polymorph (17)
   (You found it on level 9 of the Dungeon)
 h - a wand of disintegration (11)
   (You found it on level 8 of the Dungeon)
 i - a wand of iceblast (9)
   (You found it on level 8 of the Dungeon)
 n - a wand of scattershot (6)
   (You found it on level 3 of the Dungeon)
 E - a wand of acid (8)
   (You found it on level 1 of the Lair of Beasts)
 G - a wand of digging (5)
   (You found it on level 1 of the Lair of Beasts)
Scrolls
 f - 3 scrolls of remove curse
 l - 4 scrolls of teleportation
 m - 6 scrolls of enchant armour
 o - 3 scrolls of magic mapping {!r}
 v - a scroll of enchant weapon
 x - a scroll of amnesia
 y - a scroll of identify
 C - 2 scrolls of fear
Potions
 j - 2 potions of ambrosia
 q - 15 potions of blood {@q1}
 s - a potion of flight
 t - a potion of mutation {unknown}
 z - a potion of magic
 A - a potion of might
 B - a potion of degeneration {unknown}
 D - a potion of curing


   Skills:
 + Level 8.4 Fighting
 - Level 11.7(12.0) Short Blades
 - Level 3.3(7.8) Long Blades
 - Level 1.5 Throwing
 + Level 6.1 Dodging
 - Level 11.4 Stealth
 - Level 4.0 Shields
 + Level 3.8 Invocations


You had 8 spell levels left.
You knew the following spells:

 Your Spells              Type           Power        Failure   Level  Hunger
b - Blink                 Tloc           N/A          38%         2    ###....

Your spell library contained the following spells:

 Spells                   Type           Power        Failure   Level  Hunger
 Beastly Appendage        Tmut           #.....       26%         1    ##.....
 Magic Dart               Conj           #...         26%         1    ##.....
 Shock                    Conj/Air       #...         26%         1    ##.....
 Call Imp                 Summ           #.......     38%         2    ###....
 Slow                     Hex            #.......     38%         2    ###....
 Sticks to Snakes         Tmut           #.......     38%         2    ###....
 Swiftness                Chrm/Air       #.......     38%         2    ###....
 Conjure Flame            Conj/Fire      #.......     63%         3    ####...
 Mephitic Cloud           Conj/Pois/Air  #.......     63%         3    ####...
 Spider Form              Tmut/Pois      #.........   63%         3    ####...
 Static Discharge         Conj/Air       #.......     63%         3    ####...
 Airstrike                Air            #.........   95%         4    #####..
 Ice Form                 Ice/Tmut       #.......     95%         4    #####..
 Blade Hands              Tmut           #.........   100%        5    ######.
 Bolt of Magma            Conj/Fire/Erth #.........   100%        5    ######.
 Iskenderun's Battlesphe  Conj/Chrm      #.......     100%        5    ######.
 Lightning Bolt           Conj/Air       #.........   100%        5    ######.
 Venom Bolt               Conj/Pois      #.........   100%        5    ######.
 Iron Shot                Conj/Erth      #.........   100%        6    #######
 Orb of Destruction       Conj           #.........   100%        7    #######
 Spellforged Servitor     Conj/Summ      #.........   100%        7    #######


Dungeon Overview and Level Annotations

Branches:
Dungeon (11/15)            Temple (0/1) D:6            Lair (1/6) D:11
    Orc: D:9-12

Altars:
Elyvilon
Gozag
Kikubaaqudgha
Makhleb
Ru
Trog
Uskayaw
The Shining One

Annotations:
D:6 3 runed translucent doors, Borgoz's ghost, novice HaFi
D:8 exclusion: ice statue


Innate Abilities, Weirdness & Mutations

You heal slowly.
You have razor-sharp teeth.
You have supernaturally acute eyesight. (SInv)
You can survive without breathing.


Message History

The yak snorts and paws the ground.
The yak barely misses you.
You hit the yak but do no damage. Lightning courses through the yak!
You hit the yak but do no damage. The yak closely misses you.
You hit the yak but do no damage. You completely miss the yak.
Your bite misses the yak. The yak misses you.
You hit the yak. You hit the yak but do no damage. Your bite misses the yak.
The yak gores you!
You take 15 damage, and have 64/87 hp.
You hit the yak. Lightning courses through the yak! You hit the yak.
Lightning courses through the yak! The yak gores you.
You take 6 damage, and have 58/87 hp.
Unknown command.
You hit the yak.
You kill the yak!
Makhleb accepts your kill.
You feel better.
Your Dodging skill increases to level 6!
You regained 7 hp, and now have 65/87 hp.
You block the yak's attack.
You see here a yak corpse.
You puncture the yak! The yak gores you.
You take 5 damage, and have 60/87 hp.
You hit the yak. You bite the yak.
You draw the yak's blood!
You feel better.
You feel slightly less thirsty.
You regained 3 hp, and now have 63/87 hp.
You puncture the yak! The yak gores you!
You take 17 damage, and have 46/87 hp.
You are too injured to fight recklessly!
You are too injured to fight recklessly!
You hit the yak. You closely miss the yak. You block the yak's attack.
You hit the yak but do no damage. You hit the yak.
Lightning courses through the yak!!
You kill the yak!
Makhleb accepts your kill.
You feel better.
You regained 12 hp, and now have 59/87 hp.
You see here a yak corpse.
You bottle the corpse's blood.
q - 16 potions of blood {@q1} (gained 2)
You see here a yak skeleton.
Yummy - fresh blood!
You are feeling thirsty.
You start resting.
You are feeling very thirsty.
You regained 24 hp, and now have 83/87 hp.
Unknown command.
You now have 420 gold pieces (gained 11).
The blink frog is too close now for your liking.
You regained 3 hp, and now have 86/87 hp. 2 blink frogs come into view.
A blink frog comes into view.
The blink frog croaks.
Health restored: 87 The blink frog gives a loud, deep croak!
The blink frog croaks.
You hit the blink frog.
Lightning courses through the blink frog!
The blink frog misses you.
You puncture the blink frog!
Lightning courses through the blink frog!!
You kill the blink frog!
Makhleb accepts your kill.
You barely miss the blink frog. You hit the blink frog.
Lightning courses through the blink frog!
The blink frog blinks! x2
You barely miss the blink frog. You puncture the blink frog!
You block the blink frog's attack.
You hit the blink frog. The blink frog hits you!
You take 9 damage, and have 78/87 hp.
You hit the blink frog. Your bite misses the blink frog.
You block the blink frog's attack.
You puncture the blink frog!
The blink frog blinks!
You puncture the blink frog! The blink frog hits you!
You take 13 damage, and have 65/87 hp.
You closely miss the blink frog. You block the blink frog's attack.
The blink frog blinks! x2
You hit the blink frog. You barely miss the blink frog.
The blink frog hits you.
The blink frog blinks!
You take 2 damage, and have 63/87 hp.
You miss the blink frog. You bite the blink frog.
You draw the blink frog's blood!
You feel better.
You feel slightly less thirsty. The blink frog hits you!!
The blink frog blinks!
You take 12 damage, and have 51/87 hp.
You are too injured to fight recklessly!
You are too injured to fight recklessly!
The blink frog closely misses you.
The blink frog blinks!
The blink frog blinks!
The blink frog blinks!
The blink frog barely misses you. The blink frog hits you!
You block the blink frog's attack.
You take 17 damage, and have 34/87 hp.
The blink frog hits you!
* * * LOW HITPOINT WARNING * * *
You take 16 damage, and have 18/87 hp.
The blink frog closely misses you. The blink frog hits you!!
You die...

######## ##......##
###........###
####............###
#...............#.#
##...........F@...##
#............F....#
#....†............#
#..........F......#
#...[.............#
#.................#
##...............[#
#........÷.......##
##P.............##


You could see 3 blink frogs.

Vanquished Creatures
  A two-headed ogre (D:10)
  A black mamba (Lair:1)
  A centaur skeleton (D:11)
  3 blink frogs (Lair:1)
  2 hippogriffs
  A vampire (D:10)
  9 yaks
  6 vampire mosquitoes
  2 hungry ghosts
  2 wargs (D:11)
  A water moccasin (Lair:1)
  A porcupine (Lair:1)
  4 orc warriors
  An eye of draining (D:10)
  3 ice beasts
  A black bear (D:5)
  6 ogres
  A phantom (D:10)
  A sky beast (D:6)
  4 centaurs
  3 bullfrogs
  A gnoll sergeant (D:9)
  A water moccasin zombie (D:10)
  2 wyvern skeletons
  6 scorpions
  13 wights
  7 killer bees
  5 howler monkeys
  3 crimson imps
  A bullfrog zombie (D:11)
  5 hounds
  A quasit (D:5)
  10 orc wizards
  5 jellies
  2 orc priests (D:11)
  2 iguanas
  10 worker ants
  A howler monkey skeleton (D:4)
  15 adders
  4 shadow imps
  6 oozes
  3 adder skeletons
  3 worms
  10 leopard geckos
  51 orcs
  7 bats
  7 giant cockroaches
  6 goblins
  13 hobgoblins
  8 jackals
  4 quokkas
  A ball python (D:2)
  6 frilled lizards
  A giant cockroach zombie (D:4)
  8 kobolds
  2 leopard gecko skeletons
  A quokka skeleton (D:6)
  4 rats
289 creatures vanquished.

Vanquished Creatures (collateral kills)
  A blink frog (Lair:1)
1 creature vanquished.

Grand Total: 290 creatures vanquished

Notes
Turn   | Place    | Note
-------+----------+-------------------------------------------
     0 | D:1      | mhoghedin the Vampire Gladiator began the quest for the
                  | Orb.
     0 | D:1      | Reached XP level 1. HP: 16/16 MP: 1/1
   142 | D:1      | Reached skill level 2 in Fighting
   302 | D:1      | Reached XP level 2. HP: 17/22 MP: 2/2
   828 | D:2      | Reached skill level 1 in Stealth
   828 | D:2      | Reached XP level 3. HP: 27/27 MP: 3/3
   893 | D:2      | Reached skill level 1 in Short Blades
   972 | D:2      | Reached skill level 2 in Stealth
  1109 | D:2      | Reached XP level 4. HP: 33/33 MP: 4/4
  1111 | D:2      | Reached skill level 2 in Short Blades
  1111 | D:2      | Reached skill level 3 in Stealth
  1866 | D:3      | Reached skill level 4 in Stealth
  2067 | D:3      | Reached XP level 5. HP: 38/38 MP: 5/5
  2162 | D:3      | Reached skill level 3 in Short Blades
  2404 | D:4      | Reached skill level 5 in Stealth
  3135 | D:4      | Reached skill level 4 in Short Blades
  3135 | D:4      | Reached XP level 6. HP: 38/44 MP: 6/6
  3150 | D:4      | Reached skill level 6 in Stealth
  3633 | D:4      | Reached skill level 7 in Stealth
  3854 | D:4      | Reached skill level 5 in Short Blades
  4119 | D:5      | Entered Level 5 of the Dungeon
  4151 | D:5      | Reached XP level 7. HP: 37/50 MP: 7/7
  4177 | D:5      | Reached skill level 8 in Stealth
  4218 | D:5      | Found a sacrificial altar of Ru.
  4219 | D:5      | Found a white marble altar of Elyvilon.
  4278 | D:5      | Reached skill level 6 in Short Blades
  4338 | D:5      | Reached skill level 9 in Stealth
  4491 | D:5      | Found a burning altar of Makhleb.
  4500 | D:5      | Became a worshipper of Makhleb the Destroyer
  4631 | D:5      | Found a bloodstained altar of Trog.
  4648 | D:5      | Reached XP level 8. HP: 56/56 MP: 8/8
  4882 | D:6      | Reached skill level 7 in Short Blades
  4882 | D:6      | Reached skill level 10 in Stealth
  4902 | D:6      | Found a runed translucent gate.
  4902 | D:6      | Found a runed translucent gate.
  4902 | D:6      | Found a runed translucent gate.
  4903 | D:6      | Found an opulent altar of Gozag.
  4904 | D:6      | Noticed Borgoz's ghost (novice HaFi)
  5142 | D:6      | Reached skill level 11 in Stealth
  5149 | D:6      | Reached skill level 8 in Short Blades
  5155 | D:6      | HP: 11/56 [wight/+4 long sword (8)]
  5703 | D:6      | Found a hide-covered altar of Uskayaw.
  6286 | D:6      | Found a staircase to the Ecumenical Temple.
  6793 | D:7      | Reached skill level 9 in Short Blades
  6877 | D:7      | HP: 13/56 [killer bee (5)]
  6882 | D:7      | HP: 6/56 [killer bee (8)]
  6889 | D:6      | HP: 4/56 [poisoned by a killer bee]
  6904 | D:6      | HP: 5/56 [poisoned by a killer bee]
  6917 | D:6      | HP: 5/56 [poisoned by a killer bee]
  6927 | D:6      | HP: 5/56 [poisoned by a killer bee]
  6935 | D:6      | HP: 5/56 [poisoned by a killer bee]
  7480 | D:6      | Upgraded the game from 0.24-a0-282-g1a68c91 to
                  | 0.24-a0-284-g9fb9971
  7619 | D:7      | Reached XP level 9. HP: 28/61 MP: 9/9
  7894 | D:7      | Reached skill level 3 in Fighting
  8219 | D:7      | Reached skill level 10 in Short Blades
  8239 | D:7      | Found an ancient bone altar of Kikubaaqudgha.
  8406 | D:7      | Found a glowing golden altar of the Shining One.
  8505 | D:8      | Reached skill level 4 in Fighting
  8863 | D:8      | Reached * piety under Makhleb
  9150 | D:8      | Noticed an ice statue
  9995 | D:9      | Reached skill level 5 in Fighting
 10076 | D:9      | Reached skill level 11 in Short Blades
 10111 | D:9      | Learned a level 2 spell: Blink
 10195 | D:9      | Reached XP level 10. HP: 76/76 MP: 10/10
 10544 | D:9      | Reached skill level 6 in Fighting
 11054 | D:8      | HP: 13/76 [ice statue/bolt of cold (11)]
 11672 | D:10     | Entered Level 10 of the Dungeon
 11858 | D:10     | Reached ** piety under Makhleb
 11858 | D:10     | Reached skill level 1 in Shields
 11994 | D:10     | Reached skill level 2 in Shields
 12447 | D:10     | Noticed a two-headed ogre
 12449 | D:10     | Killed a two-headed ogre
 12449 | D:10     | Reached skill level 7 in Fighting
 12449 | D:10     | Reached skill level 3 in Shields
 12573 | D:10     | Reached skill level 4 in Shields
 12687 | D:11     | Reached skill level 4 in Dodging
 12687 | D:11     | Reached skill level 1 in Invocations
 12892 | D:11     | Found a staircase to the Lair.
 12969 | D:10     | HP: 18/79 [vampire mosquito (2)]
 13804 | D:11     | Reached skill level 2 in Invocations
 13807 | D:11     | HP: 13/80 [warg (10)]
 14615 | D:11     | Reached XP level 11. HP: 81/86 MP: 12/12
 14696 | D:11     | Reached skill level 5 in Dodging
 14731 | D:11     | Reached *** piety under Makhleb
 14751 | Lair:1   | Entered Level 1 of the Lair of Beasts
 14810 | Lair:1   | Reached skill level 8 in Fighting
 14864 | Lair:1   | HP: 21/86 [poisoned by a black mamba]
 14869 | Lair:1   | HP: 21/86 [poisoned by a black mamba]
 15619 | Lair:1   | Reached skill level 3 in Invocations
 15975 | Lair:1   | Reached skill level 6 in Dodging
 16237 | Lair:1   | HP: 18/87 [blink frog (16)]
 16239 | Lair:1   | Slain by a blink frog

Levels and vault maps discovered:
D:1:      dpeg_arrival_long_road, layout_basic, hangedman_decor_diamond_cutter
D:2:      layout_basic
D:3:      layout_basic
D:4:      layout_basic, first_ration, grunt_decor_clamped
D:5:      layout_basic, lemuel_doored_altar, gammafunk_temple_overflow_pools,
          lightli_temple_of_fire, minmay_misc_feat_ornament
D:6:      layout_basic, kennysheep_mini_moat, temple_hall, ebering_ghost_gozag
D:7:      layout_cave_pods, nicolae_overflow_hidden_temple, old_standard_altar
D:8:      minmay_statue_hallways, layout_loops_cross
D:9:      minmay_inner_zag, layout_long_grid, hangedman_little_slice_of_home
D:10:     layout_roguey
D:11:     layout_layer_cave, erik_lair_orcish_takeover, david_orc_1_choice
Lair:1:   layout_cave_pods, grunt_megastairs_5

Skill      XL: |  1  2  3  4  5  6  7  8  9 10 11 |
---------------+----------------------------------+-----
Fighting       | 2 5 7 8 |  8.4
Stealth        | 1 2 4 5 7 9 11 | 11.4
Short Blades   | 1 2 4 5 6 9 11 | 11.7
Shields        | 4 |  4.0
Dodging        | 4 6 |  6.1
Invocations    | 2 3 |  3.8
Long Blades    | |  3.3
Throwing       | |  1.5

Action                   |  1- 3 |  4- 6 |  7- 9 | 10-12 || total
-------------------------+-------+-------+-------+-------++-------
Melee: Long sword        |    50 |       |       |    12 ||    62
       Bite              |    10 |    16 |    23 |    35 ||    84
       Short sword       |    42 |   221 |   275 |   280 ||   818
Invok: Minor Destruction |       |       |       |     1 ||     1
       Lesser Servant of |       |       |       |     1 ||     1
 Abil: End Transformatio |       |       |     4 |     1 ||     5
       Bat Form          |       |       |     4 |     1 ||     5
  Use: Potion            |       |     5 |    16 |    12 ||    33
       Scroll            |       |       |    14 |     5 ||    19
 Stab: Sleeping          |     4 |    20 |    29 |    15 ||    68
       Distracted        |       |       |       |     3 ||     3
Armor: Leather armour    |    27 |    35 |       |       ||    62
       Robe              |       |     4 |    23 |    23 ||    50
Dodge: Dodged            |    56 |   116 |   156 |    84 ||   412
Block: Buckler           |       |       |       |    36 ||    36
       Rpst.: Long sword |     8 |       |       |     1 ||     9

Table legend:
 A = Non-vault XP
 B = Vault XP
 C = Vault XP percentage of total XP
 D = Non-vault monster count
 E = Vault monster count
 F = Vault count percentage of total count
                 A         B        C        D         E       F
            +---------+---------+-------+---------+---------+-------
      Total |   13669 |     935 |   6.4 |     271 |      19 |   6.6
            +---------+---------+-------+---------+---------+-------
        D:1 |      30 |       0 |   0.0 |      18 |       0 |   0.0
        D:2 |      96 |       0 |   0.0 |      28 |       0 |   0.0
        D:3 |     127 |       0 |   0.0 |      32 |       0 |   0.0
        D:4 |     470 |       0 |   0.0 |      41 |       0 |   0.0
        D:5 |     803 |       0 |   0.0 |      15 |       0 |   0.0
        D:6 |     811 |       0 |   0.0 |      15 |       0 |   0.0
        D:7 |    1414 |       0 |   0.0 |      23 |       0 |   0.0
        D:8 |     840 |       0 |   0.0 |      22 |       0 |   0.0
        D:9 |     871 |     436 |  33.4 |      13 |      13 |  50.0
       D:10 |    3636 |       0 |   0.0 |      25 |       0 |   0.0
       D:11 |    1518 |     499 |  24.7 |      26 |       6 |  18.8
     Lair:1 |    3053 |       0 |   0.0 |      13 |       0 |   0.0
            +---------+---------+-------+---------+---------+-------

Levels and vault maps discovered:
D:1:      dpeg_arrival_long_road, layout_basic, hangedman_decor_diamond_cutter
D:2:      layout_basic
D:3:      layout_basic
D:4:      layout_basic, first_ration, grunt_decor_clamped
D:5:      layout_basic, lemuel_doored_altar, gammafunk_temple_overflow_pools,
          lightli_temple_of_fire, minmay_misc_feat_ornament
D:6:      layout_basic, kennysheep_mini_moat, temple_hall, ebering_ghost_gozag
D:7:      layout_cave_pods, nicolae_overflow_hidden_temple, old_standard_altar
D:8:      minmay_statue_hallways, layout_loops_cross
D:9:      minmay_inner_zag, layout_long_grid, hangedman_little_slice_of_home
D:10:     layout_roguey
D:11:     layout_layer_cave, erik_lair_orcish_takeover, david_orc_1_choice
Lair:1:   layout_cave_pods, grunt_megastairs_5

Table legend:
 A = Turns spent in this place as a percentage of turns spent in the entire game.
 B = Non-inter-level travel turns spent in this place as a percentage of non-inter-level travel turns spent in the entire game.
 C = Inter-level travel turns spent in this place as a percentage of turns spent in this place.
 D = Turns resting spent in this place as a percentage of non-inter-level travel turns spent in this place.
 E = Turns spent auto-exploring this place as a percentage of non-inter-level travel turns spent in this place.
 F = Non-inter-level travel turns spent in this place divided by the number of levels of this place that you've seen.
                   A       B       C       D       E      F
               +-------+-------+-------+-------+-------+----------------------
         Total | 100.0 | 100.0 |   3.9 |  42.4 |  40.4 | 1300.9
       Dungeon |  90.8 |  90.5 |   4.3 |  39.5 |  42.8 | 1284.0
          Lair |   9.2 |   9.5 |   0.1 |  69.9 |  17.8 | 1487.0
               +-------+-------+-------+-------+-------+----------------------

Table legend:
 A = Kills in this place as a percentage of kills in entire the game.
 B = Kills by you in this place as a percentage of kills by you in the entire game.
 C = Kills by friends in this place as a percentage of kills by friends in the entire game.
 D = Other kills in this place as a percentage of other kills in the entire game.
 E = Experience gained in this place as a percentage of experience gained in the entire game.
 F = Experience gained in this place divided by the number of levels of this place that you have seen.
                   A       B       C       D       E      F
               +-------+-------+-------+-------+-------+----------------------
         Total | 100.0 | 100.0 | 100.0 |   N/A | 100.0 | 1217.0
       Dungeon |  95.5 |  95.8 |   0.0 |   N/A |  79.1 | 1050.1
          Lair |   4.5 |   4.2 | 100.0 |   N/A |  20.9 | 3053.0
               +-------+-------+-------+-------+-------+----------------------
